 Dungeon Crawl Stone Soup version bcrawl-1.27.5 (webtiles) character file.

Game seed: 8972535811603140174

473248 Glundar the Grappler (level 11, 0/101 HPs)
             Began as a Troll Martial Artist on Aug 19, 2020.
             Was the Champion of Wu Jian.
             Slain by an orc warlord
             ... wielding a +1 battleaxe of electrocution
              (36 damage)
             ... in a bailey.
             The game lasted 00:33:31 (6942 turns).

Glundar the Grappler (Troll Martial Artist)         Turns: 6942, Time: 00:33:31

Health: 0/101      AC:  9    Str: 25    XL:     11   Next: 14%
Magic:  11/11      EV: 14    Int:  6    God:    Wu Jian [******]
Gold:   656        SH:  0    Dex: 12    Spells: 11/12 levels left

rFire    . . .     SeeInvis .     - Claws (34.9)
rCold    . . .     Gourm    +   (no shield)
rNeg     . . .     Faith    +   (armour unavailable)
rPois    .         Spirit   .   (helmet restricted)
rElec    .         Reflect  .   (no cloak)
rCorr    .         Harm     .   (gloves unavailable)
MR       .....                  (boots unavailable)
Stlth    ++++......             E - amulet of faith
HPRegen  0.66/turn              u - ring of stealth
MPRegen  0.12/turn              p - +2 ring of evasion

@: hasted, very quick
A: large, almost no armour, claws 3, fast metabolism 3, gourmand, regeneration
1, AC +9
a: Wall Jump, Serpent's Lash, Heavenly Storm, Renounce Religion


You were in a bailey.
You worshipped Wu Jian.
Wu Jian was exalted by your worship.
You were very full.

You visited 2 branches of the dungeon, and saw 10 of its levels.
You also visited: Ossuary and Bailey.

You collected 656 gold pieces.

Inventory:

Hand Weapons
 b - a +2 hunting sling of freezing
 n - the +2 dagger "Lostredy" {holy, +Rage MR- Int+4 SInv}
   (You found it on level 4 of the Dungeon)

   It has been blessed by the Shining One to cause great damage to the undead
   and demons.
   It affects your intelligence (+4).
   It affects your resistance to hostile enchantments.
   It lets you see invisible.
   It lets you go berserk.
 C - the +11 short sword of the Traitor {antimagic, +Inv Str+2, unknown}
   (You found it on level 6 of the Dungeon)

   It reduces the magical energy of the wielder, and disrupts the spells and
   magical abilities of those hit.
   Natural abilities and divine invocations are not affected.
   It affects your strength (+2).
   It lets you turn invisible.
Missiles
 j - 1766 stones (quivered)
Jewellery
 k - an uncursed ring of positive energy
 p - a +2 ring of evasion (right claw)
 u - a ring of stealth (left claw)
 v - an uncursed ring of resist corrosion
 E - an amulet of faith (around neck)
 F - a +5 ring of evasion
Wands
 l - a wand of disintegration (12)
Scrolls
 c - 4 scrolls of remove curse
 g - 5 scrolls of magic mapping {unknown}
 q - 2 scrolls of blinking
 t - a scroll of amnesia {unknown}
 w - 7 scrolls of teleportation {unknown}
 x - 3 scrolls of fog {unknown}
 y - 2 scrolls of enchant weapon {unknown}
 A - a scroll of immolation {unknown}
Potions
 a - 3 potions of agility
 d - a potion of invisibility
 f - a potion of cancellation
 h - a potion of might {unknown}
 i - 2 potions of mutation
 m - 8 potions of heal wounds
 o - a potion of brilliance {unknown}
 r - 8 potions of curing
 z - a potion of ambrosia {unknown}
 B - 2 potions of haste
 D - a potion of lignification {unknown}
 G - a potion of magic {unknown}
Comestibles
 e - 16 rations {!d}
 s - 41 chunks of flesh


   Skills:
 + Level 4.5 Fighting
 - Level 0.2 Short Blades
 + Level 5.9 Dodging
 + Level 4.0 Stealth
 + Level 14.1 Unarmed Combat
 - Level 1.0 Spellcasting
 - Level 1.0 Hexes


You had 11 spell levels left.
You knew the following spells:

 Your Spells              Type           Power        Failure   Level  Hunger
a - Confusing Touch       Hex            #.......     30%         1    None

Your spell library contained the following spells:

 Spells                   Type           Power        Failure   Level  Hunger
 Beastly Appendage        Tmut           #.....       41%         1    None
 Magic Dart               Conj           #...         41%         1    None
 Blink                    Tloc           N/A          56%         2    ###....
 Call Imp                 Summ           #.....       56%         2    ###....
 Passwall                 Tmut/Erth      #.......     56%         2    ###....
 Searing Ray              Conj           #.......     56%         2    ###....
 Sticks to Snakes         Tmut           #.......     56%         2    ###....
 Conjure Flame            Conj/Fire      #.......     80%         3    #####..
 Iskenderun's Mystic Bla  Conj           #.......     80%         3    #####..
 Mephitic Cloud           Conj/Pois/Air  #.......     80%         3    #####..
 Spider Form              Tmut/Pois      #..          80%         3    #####..
 Fulminant Prism          Conj/Hex       #.........   98%         4    ######.
 Ice Form                 Ice/Tmut       #.......     99%         4    ######.
 Blade Hands              Tmut           #.........   100%        5    #######
 Irradiate                Conj/Tmut      #.........   100%        5    #######


Dungeon Overview and Level Annotations

Branches:
Dungeon (9/12)             Temple (1/1) D:4            Lair (0/6) D:8
    Orc (0/1) D:9

Altars:
Ashenzari
Cheibriados
Dithmenos
Elyvilon
Fedhas
Gozag
Hepliaklqana
Kikubaaqudgha
Lugonu
Makhleb
Nemelex Xobeh
Okawaru
Qazlal
Ru
Sif Muna
Trog
Uskayaw
Vehumet
Wu Jian
Xom
Yredelemnul
Zin
The Shining One

Shops:
D:8 %

Annotations:
D:5 exclusion: statue
D:9 1 transporter


Innate Abilities, Weirdness & Mutations

You cannot wear most types of armour.
Your thick skin is tough. (AC +9)
You are too large for most types of armour.
You have claws for hands.
Your metabolism is lightning-fast.
You like to eat raw meat.
Your natural rate of healing is unusually fast.


Message History

The orc warlord hits you with a +1 battleaxe of electrocution!!!
Ouch! That really hurt!
You are electrocuted!!
* * * LOW HITPOINT WARNING * * *
Items here: )) [[ †† You spin and attack the orc warlord.
You mangle the orc warlord!!
The orc warlord is moderately wounded.
Things that are here:
a +0 war axe; a +0 ring mail You feel much better.
The orc warlord hits you with a +1 battleaxe of electrocution!
* * * LOW HITPOINT WARNING * * *
You feel much better. The orc warrior barely misses you.
You feel much better.
The orc warlord roars a battlecry!
The orc warrior hits you with a +0 battleaxe!!
You feel yourself speed up.
The orc warrior no longer looks unusually strong.
The orc warlord hits you with a +1 battleaxe of electrocution!!!
You die...

....⌠.. ....... .......
### #.....g. ###.#+#
##.###..... ###.....###
#.... ###.##
##.........## ......
###.
#..........8##o..... #..
#.........@8#oo..... #..
#∩...)⌠...ooogog.... #..
#...)).....8#gg..... #..
#....).....8##o..... #..
##....))...###......
###. ###.....###.###..o.
###.##
###.#'#.....###.###.....
###.........###......)
#...........#........


You could see an orc warlord, an orc knight, 3 orc warriors, 3 hobgoblins and a
goblin.

Vanquished Creatures
  A manticore (D:9)
  Grinder (D:6)
  Prince Ribbit (D:5)
  2 yaks (D:8)
  Eustachio (D:6)
  A steam dragon (D:7)
  A hungry ghost (D:7)
  2 wargs (D:9)
  3 water moccasins
  Duvessa (D:5)
  4 sky beasts
  12 orc warriors
  An ice beast (D:6)
  2 black bears
  4 ogres
  3 phantoms
  7 centaurs
  An eye of draining (D:8)
  6 bullfrogs
  A big kobold (D:6)
  Blork the orc (D:6)
  2 wyvern zombies
  A water moccasin zombie (D:8)
  4 scorpions
  Dowan (D:5)
  5 killer bees (D:8)
  5 wights
  3 crimson imps
  A quasit (D:8)
  4 centaur zombies
  2 jellies
  A gnoll shaman (D:7)
  2 hounds
  4 orc priests
  2 bullfrog skeletons
  3 centaur skeletons
  25 orc wizards
  A worker ant (D:4)
  A killer bee zombie (D:7)
  4 big kobold zombies (Ossuary)
  A hound skeleton (D:5)
  4 mummies (Ossuary)
  A worker ant zombie (D:6)
  18 gnolls
  A howler monkey skeleton (D:7)
  11 adders
  A shadow imp (D:7)
  An ooze (D:4)
  An adder zombie (D:5)
  2 adder skeletons
  4 worms
  4 dart slugs
  2 leopard geckos
  44 orcs
  3 bats
  4 giant cockroaches
  27 goblins
  12 hobgoblins
  9 jackals
  10 kobolds
  3 quokkas
  3 ball pythons (D:2)
  3 frilled lizards
  4 hobgoblin zombies (Ossuary)
  A jackal zombie (D:5)
  A quokka skeleton (D:5)
  A quokka zombie (D:6)
  5 rats
308 creatures vanquished.

Notes
Turn   | Place    | Note
-------+----------+-------------------------------------------
     0 | D:1      | Glundar the Troll Martial Artist began the quest for the
                  | Orb.
     0 | D:1      | Reached XP level 1. HP: 22/22 MP: 1/1
    97 | D:1      | Reached XP level 2. HP: 28/29 MP: 2/2
   446 | D:2      | Reached XP level 3. HP: 35/36 MP: 3/3
   505 | D:2      | Found a sacrificial altar of Ru.
   567 | D:2      | Gained mutation: Your natural rate of healing is unusually
                  | fast. [Troll growth]
   567 | D:2      | Reached XP level 4. HP: 38/45 MP: 4/4
   572 | D:2      | Reached ** piety under Wu Jian
   608 | D:2      | Found an iron altar of Okawaru.
   771 | D:2      | Reached skill level 5 in Unarmed Combat
  1468 | D:3      | Found an opulent altar of Gozag.
  1478 | D:3      | Reached XP level 5. HP: 50/53 MP: 5/5
  1605 | D:3      | Found a faded altar of an unknown god.
  1928 | D:4      | Found a staircase to the Ecumenical Temple.
  1929 | D:4      | Reached skill level 6 in Unarmed Combat
  1940 | D:4      | Noticed a sky beast
  1949 | D:4      | Reached XP level 6. HP: 46/61 MP: 6/6
  1952 | D:4      | Got an ivory dagger
  1955 | Temple   | Entered the Ecumenical Temple
  1956 | Temple   | Identified the +2 dagger "Lostredy" {holy, +Rage MR- Int+4
                  | SInv} (You found it on level 4 of the Dungeon)
  2075 | D:4      | Killed a sky beast
  2157 | D:4      | Reached *** piety under Wu Jian
  2475 | D:4      | Reached skill level 7 in Unarmed Combat
  2668 | D:5      | Entered Level 5 of the Dungeon
  2829 | D:5      | Noticed a water moccasin
  2831 | D:5      | Reached XP level 7. HP: 63/67 MP: 7/7
  2839 | D:5      | Reached skill level 1 in Stealth
  2845 | D:5      | Noticed Dowan
  2847 | D:5      | Found a radiant altar of Vehumet.
  2847 | D:5      | Noticed Duvessa
  2848 | D:5      | Killed Dowan
  2855 | D:5      | Killed Duvessa
  2855 | D:5      | Reached skill level 8 in Unarmed Combat
  3043 | D:5      | Reached XP level 8. HP: 58/75 MP: 8/8
  3274 | D:5      | Reached skill level 9 in Unarmed Combat
  3375 | D:5      | Found a basalt altar of Yredelemnul.
  3410 | D:5      | Noticed Prince Ribbit
  3417 | D:5      | Killed Prince Ribbit
  3641 | D:6      | Reached skill level 10 in Unarmed Combat
  3642 | D:6      | Reached **** piety under Wu Jian
  3672 | D:6      | Noticed Eustachio
  3683 | D:6      | Reached XP level 9. HP: 63/84 MP: 9/9
  3691 | D:6      | Killed Eustachio
  3704 | D:6      | Noticed Blork the orc
  3708 | D:6      | Killed Blork the orc
  3825 | D:6      | Found a sand-covered staircase.
  3834 | Ossuary  | Entered an ossuary
  3952 | Ossuary  | Reached skill level 11 in Unarmed Combat
  3957 | Ossuary  | Reached ***** piety under Wu Jian
  4039 | D:6      | Found a hazy altar of Hepliaklqana.
  4040 | D:6      | Got an encrusted short sword
  4141 | D:6      | Noticed Grinder
  4149 | D:6      | Killed Grinder
  4149 | D:6      | Reached skill level 5 in Dodging
  4188 | D:6      | Reached skill level 12 in Unarmed Combat
  4453 | D:7      | Found a snail-covered altar of Cheibriados.
  4565 | D:7      | Reached XP level 10. HP: 90/92 MP: 10/10
  5109 | D:7      | Found a hide-covered altar of Uskayaw.
  5120 | D:7      | Found a blossoming altar of Fedhas.
  5121 | D:7      | Found a shimmering altar of Xom.
  5127 | D:7      | Found a shattered altar of Ashenzari.
  5431 | D:8      | Reached skill level 13 in Unarmed Combat
  5610 | D:8      | Found Vihum's Food Shop.
  5710 | D:8      | Found an ornate altar of the Wu Jian Council.
  6053 | D:8      | Found a staircase to the Lair.
  6088 | D:8      | Found an ancient bone altar of Kikubaaqudgha.
  6289 | D:9      | Noticed a manticore
  6294 | D:9      | Killed a manticore
  6443 | D:9      | Found a staircase to the Orcish Mines.
  6465 | D:9      | Reached XP level 11. HP: 78/101 MP: 11/11
  6568 | D:9      | Found a transporter.
  6581 | D:9      | Found a bloodstained altar of Trog.
  6603 | D:9      | Identified the cursed +1 flail of Tension {antimagic, rN+
                  | Stlth+}
  6603 | D:9      | Noticed a tengu warrior
  6606 | D:9      | Noticed a two-headed ogre
  6701 | D:9      | Found a flagged portal.
  6709 | Bailey   | Entered a bailey
  6754 | Bailey   | Reached ****** piety under Wu Jian
  6831 | Bailey   | Reached skill level 14 in Unarmed Combat
  6924 | Bailey   | Noticed an orc warlord
  6925 | Bailey   | Noticed an orc knight
  6942 | Bailey   | Slain by an orc warlord

Skill      XL: |  1  2  3  4  5  6  7  8  9 10 11 |
---------------+----------------------------------+-----
Fighting       | 3 4 |  4.5
Unarmed Combat | 5 6 7 8 10 12 13 14 | 14.1
Dodging        | 3 4 5 |  5.9
Stealth        | 1 2 3 4 |  4.0
Short Blades   | |  0.2
Spellcasting   | |  1.0
Hexes          | |  1.0

Action                   |  1- 3 |  4- 6 |  7- 9 | 10-12 || total
-------------------------+-------+-------+-------+-------++-------
Melee: Unarmed           |    52 |   139 |   291 |   298 ||   780
       Punch             |     1 |     6 |    15 |    18 ||    40
       Dagger            |       |    20 |       |       ||    20
Invok: Whirlwind         |    38 |    74 |   154 |   168 ||   434
       Lunge             |     4 |    12 |    22 |    24 ||    62
  Use: Scroll            |       |     4 |       |     6 ||    10
       Potion            |       |       |       |     4 ||     4
 Stab: Paralysed         |     1 |       |       |       ||     1
       Sleeping          |       |     1 |     4 |    20 ||    25
       Distracted        |       |       |       |     1 ||     1
  Eat: Chunk             |    10 |    17 |    19 |    29 ||    75
Armor: Skin              |    13 |    32 |    75 |    45 ||   165
Dodge: Dodged            |    19 |    64 |   106 |   133 ||   322
